 Dungeon Crawl Stone Soup version 0.20-a0-869-gcf33cab (webtiles) character file.

14 BrendanD the Ducker (level 2, -5/16 HPs)
             Began as a Spriggan Abyssal Knight on Mar 13, 2017.
             Was a Follower of Lugonu.
             Slain by a worm (11 damage)
             ... on level 2 of the Dungeon.
             The game lasted 00:07:35 (737 turns).

BrendanD the Ducker (Spriggan Abyssal Knight)        Turns: 737, Time: 00:07:35

Health: -5/16      AC:  2    Str:  8    XL:     2   Next: 31%
Magic:  4/4        EV: 19    Int: 13    God:    Lugonu [*.....]
Gold:   26         SH:  0    Dex: 15    Spells: 1/1 levels left

rFire    . . .     SeeInvis +   a - +1 falchion
rCold    . . .     Gourm    .   b - +0 robe
rNeg     . . .     Faith    .   (shield restricted)
rPois    .         Spirit   .   (helmet restricted)
rElec    .         Reflect  .   (no cloak)
rCorr    .         Harm     .   (gloves unavailable)
MR       .....                  (boots unavailable)
Stlth    +.........             (no amulet)
Regen    0.1/turn               (no ring)
MPRegen  0.1/turn               (no ring)

@: very quick
A: unfitting armour, see invisible, herbivore 3, speed 3, slow metabolism 2
a: Depart the Abyss, Renounce Religion


You were on level 2 of the Dungeon.
You worshipped Lugonu.
Lugonu was aware of your devotion.
You were not hungry.

You visited 1 branch of the dungeon, and saw 2 of its levels.
You visited the Abyss 1 time.

You collected 26 gold pieces.

Inventory:

Hand Weapons
 a - a +1 falchion (weapon)
 e - a cursed -2 hunting sling
 f - a +0 dagger
 h - a +0 club
 l - a +0 club
 m - a +0 dagger
Missiles
 k - 29 stones (quivered)
Armour
 b - a +0 robe (worn)
Scrolls
 d - a scroll of remove curse {unknown}
 i - a scroll of blinking {unknown}
 n - a scroll of identify {unknown}
Potions
 g - a potion of cancellation {unknown}
 j - a potion of curing {unknown}
Comestibles
 c - a bread ration


   Skills:
 + Level 2.5 Fighting
 + Level 1.8 Long Blades
 + Level 3.9 Dodging
 + Level 2.1 Invocations


You had one spell level left.
You didn't know any spells.

Dungeon Overview and Level Annotations

Branches:
Dungeon (2/15)

Altars:


Innate Abilities, Weirdness & Mutations

You are very small and have problems with some larger weapons.
You are too small for most types of armour.
You have supernaturally acute eyesight. (SInv)
You are a herbivore.
You cover ground extremely quickly.
You need consume almost no food.


Message History

The worm is heavily wounded.
The worm closely misses you.
You barely miss the worm.
The worm is heavily wounded.
The worm misses you.
You riposte.
You hit the worm.
The worm is heavily wounded.
You hit the worm but do no damage.
The worm is heavily wounded.
You slash the worm!
The worm is almost dead.
The worm barely misses you.
You hit the worm but do no damage.
The worm is almost dead.
The worm misses you.
You riposte.
You barely miss the worm.
The worm is almost dead.
You barely miss the worm.
The worm is almost dead.
The worm bites you!
Ouch! That really hurt!
You die...

######. .......
## ....... #.
.......
#.####.......
#.@<.+.......
#.###w##.......
#..b.KK........
####.###.......
#. ....... ##
#######


You could see a worm and 2 kobolds.

Vanquished Creatures
  A leopard gecko (D:1)
  A bat (D:1)
  A giant cockroach (D:1)
  2 goblins (D:1)
  A hobgoblin (D:1)
  3 jackals (D:1)
  A frilled lizard (D:1)
  A rat (D:1)
11 creatures vanquished.

Notes
Turn   | Place    | Note
-------+----------+-------------------------------------------
     0 | Abyss:1  | BrendanD the Spriggan Abyssal Knight began the quest for the Orb.
     0 | Abyss:1  | Reached XP level 1. HP: 11/11 MP: 3/3
    32 | Abyss:1  | Noticed an eye of draining
    43 | Abyss:1  | Noticed a spatial vortex
    46 | Abyss:1  | Noticed a spatial vortex
    56 | Abyss:1  | Noticed a worldbinder
    61 | Abyss:1  | Noticed a shadow
    61 | Abyss:1  | Noticed a shadow
    63 | Abyss:1  | Noticed a shadow
    80 | Abyss:1  | Noticed a large abomination
    86 | Abyss:1  | Noticed an efreet
    92 | Abyss:1  | Noticed a shadow
    92 | Abyss:1  | Noticed a wraith
    97 | Abyss:1  | Noticed a shadow
   114 | Abyss:1  | Noticed a chaos spawn
   114 | Abyss:1  | Noticed a ynoxinul
   124 | D:1      | Escaped the Abyss
   372 | D:1      | Reached XP level 2. HP: 13/16 MP: 4/4
   390 | D:1      | Reached * piety under Lugonu
   737 | D:2      | Slain by a worm

Vault maps used:
D:1:      onia_arrival_pentagram, minmay_octomino_j4
D:2:      kennysheep_vampire_church, gammafunk_temple_overflow_forgotten,
          hangedman_decor_push, uniq_natasha

Skill      XL: |  1 |
---------------+----+-----
Invocations    | 2 |  2.1
Fighting       | |  2.5
Long Blades    | |  1.8
Dodging        | |  3.9

Action                   || total
-------------------------++-------
Melee: Falchion          ||    35
Invok: Depart the Abyss  ||     1
Armor: Robe              ||     3
Dodge: Dodged            ||    32
       Rpst.: Falchion   ||    10
